AoeStats
← Navix de los Bosques de Lituania

Black Forest

506317406Analyzed
3v3 RM · 18d ago on Sep 13, 2026· 14m 59s· 6 players
Game mode
Random Map
Map size
Normal (6 player)
Population
200
Speed
Normal
Resources
Standard
Victory
Conquest
Starting age
Dark Age
Ending age
Imperial Age
RankedLock teamsTeams togetherTeam positionsShared explorationLock speedFull tech treeHidden civsTurbo modeCheats
Victory
Defeat
🇨🇴 Persians · Colombia
739
+22
712
+22
🇦🇺 Bohemians · Australia
702
+23
🇺🇸 Maya · United States
952
-96
🇦🇷 Spanish · Argentina
831
-21
🇺🇸 Spanish · United States
804
-20
SkillzThtKillz420
11:14 Loom
Aramis
0:28 Loom
16:36 Feudal Age
BOANERGES
3:22 Loom
14:22 Feudal Age
Navix de los Bosques de Lituania
4:15 Loom
12:18 Feudal Age
12:25 Man-at-Arms
13:36 Arson
14:46 Scale Mail Armor
Derzer
7:10 Loom
9:27 Feudal Age
12:55 Man-at-Arms
13:24 Arson
13:54 Man-at-Arms
THENEYK
12:40 Feudal Age
14:45 Double-Bit Axe
Connection lost

Rejoining the realm…

Still unreachable

The connection could not be restored.

Session expired

The server has moved on; the page needs a fresh start.